[Event "January 2 Late 2024"]
[Site "https://www.chess.com"]
[Date "2024.01.02"]
[Round "11"]
[White "Toktomushev, Teimur"]
[Black "Schnaider, Ilan"]
[Result "1-0"]
[Board "71"]
[TimeControl "180+1"]
[WhiteFideId "14176726"]
[BlackFideId "169013"]
[WhiteElo "2474"]
[BlackElo "2700"]
[WhiteTeam "UKR"]
[BlackTeam "ARG"]
[WhiteClock "0:00:05"]
[BlackClock "0:00:09"]

1. d4 Nf6 2. c4 g6 3. Nc3 d5 4. cxd5 Nxd5 5. e4 Nxc3 6. bxc3 Bg7 7. Be3 c5 8. Qd2 O-O 9. Nf3 cxd4 10. cxd4 Bg4 11. Rc1 Nc6 12. d5 Bxf3 13. gxf3 Ne5 14. Be2 Rc8 15. O-O Qd7 16. Kg2 h6 17. Bxh6 Bxh6 18. Qxh6 Rxc1 19. Rxc1 Rc8 20. Rxc8+ Qxc8 21. f4 Ng4 22. Qg5 Nf6 23. Bf3 Qd7 24. d6 Kg7 25. e5 Ng8 26. dxe7 Nxe7 27. Qf6+ Kg8 28. h4 Nd5 29. Qd6 Nxf4+ 30. Kg3 Qf5 31. Qd8+ Kh7 32. Qf6 Qxf6 33. exf6 Nd3 34. Bxb7 Nc5 35. Bd5 Kg8 36. Kf4 Nd3+ 37. Ke3 Ne5 38. f4 Ng4+ 39. Kd4 Nxf6 40. Bf3 Kg7 41. Kc5 Nh7 42. a4 Nf8 43. Kc6 Ne6 44. Kb7 a5 45. Ka6 Nd4 46. Be4 Nb3 47. Bd5 Nc5+ 48. Kxa5 Nd3 49. Kb6 Nxf4 50. Bf3 Nd3 51. a5 Ne5 52. a6 Nxf3 53. a7 Nxh4 54. a8=Q Nf5 55. Qa1+ Kh6 56. Kc6 Kg5 57. Kd5 Ne7+ 58. Ke5 Ng8 59. Qg1+ Kh6 60. Kd6 Kg7 61. Qd4+ Kh7 62. Kd7 f5 63. Ke8 g5 64. Kf7 Kh6 65. Kxg8 Kh5 66. Kg7 f4 67. Kf6 Kg4 68. Qe5 Kf3 69. Qxg5 Ke3 70. Ke5 Kf3 71. Qxf4+ Ke2 72. Ke4 Ke1 73. Qh2 Kf1 74. Ke3 Ke1 75. Qg1# 1-0

[Event "January 2 Late 2024"]
[Site "https://www.chess.com"]
[Date "2024.01.02"]
[Round "11"]
[White "Bhavikatti, Neil"]
[Black "Lewtak, Damian"]
[Result "1/2-1/2"]
[Board "72"]
[TimeControl "180+1"]
[WhiteFideId "30935024"]
[BlackFideId "1141724"]
[WhiteElo "2472"]
[BlackElo "2691"]
[WhiteTeam "USA"]
[BlackTeam "POL"]
[WhiteClock "0:00:09"]
[BlackClock "0:00:40"]

1. d4 Nf6 2. c4 e6 3. Nc3 a6 4. e4 Bb4 5. e5 Ne4 6. Qc2 Nxc3 7. bxc3 Be7 8. Bd3 h6 9. f4 d6 10. Nf3 c5 11. O-O cxd4 12. cxd4 dxe5 13. fxe5 Bd7 14. d5 Bc5+ 15. Kh1 Qe7 16. Rb1 b6 17. Be4 Ra7 18. Bb2 O-O 19. d6 Qd8 20. Bd4 Bc6 21. Bxc5 bxc5 22. Rxb8 Bxe4 23. Rxd8 Bxc2 24. Rxf8+ Kxf8 25. Rc1 Bf5 26. Nd2 f6 27. Nb3 fxe5 28. Nxc5 Ra8 29. Nd7+ Kf7 30. Nb6 Rd8 31. c5 Be4 32. c6 Rxd6 33. c7 Bb7 34. c8=Q Bxc8 35. Nxc8 Rd2 36. Kg1 Rxa2 37. Nd6+ Kf6 38. Rf1+ Kg6 39. Nc4 Re2 40. Ra1 Re4 41. Nd2 Re2 42. Nb3 e4 43. Rxa6 e3 44. Ra1 e5 45. Nc5 Rc2 46. Nd3 Kf5 47. Re1 Ke4 48. Nc1 h5 49. h3 g5 50. Ne2 h4 51. Kf1 Rc8 52. Ra1 Rc4 53. Ke1 Rb4 54. Nc3+ Kd3 55. Ne2 Rc4 56. Rd1+ Ke4 57. Ng1 Kf4 58. Ne2+ Kf5 59. Ra1 Rb4 60. Rc1 Rb2 61. Rd1 g4 62. hxg4+ Kxg4 63. Ra1 h3 64. Ra4+ Kf5 65. gxh3 Rb1+ 66. Nc1 Rxc1+ 67. Ke2 Rh1 68. Kxe3 Rxh3+ 69. Ke2 e4 70. Ra8 Rh2+ 71. Ke3 Rh3+ 72. Ke2 Rb3 73. Rf8+ Ke5 74. Re8+ Kd5 75. Rd8+ Kc6 76. Re8 Rb4 77. Ke3 Kd5 78. Rd8+ Ke5 79. Re8+ Kf5 80. Rf8+ Kg6 81. Re8 Kf6 82. Rxe4 Rxe4+ 83. Kxe4 1/2-1/2

[Event "January 2 Late 2024"]
[Site "https://www.chess.com"]
[Date "2024.01.02"]
[Round "11"]
[White "Travkina, Anastasia"]
[Black "Banzea, Alexandru-Bogdan"]
[Result "0-1"]
[Board "73"]
[TimeControl "180+1"]
[WhiteFideId "24129151"]
[BlackFideId "1232622"]
[WhiteElo "2453"]
[BlackElo "2653"]
[WhiteTeam "RUS"]
[BlackTeam "ROU"]
[WhiteClock "0:00:02"]
[BlackClock "0:00:22"]

1. e4 c6 2. d4 d5 3. Nc3 dxe4 4. Nxe4 Nf6 5. Nxf6+ exf6 6. c3 Bd6 7. Bd3 O-O 8. Qc2 Re8+ 9. Ne2 h6 10. Be3 Nd7 11. O-O-O f5 12. Bxf5 Nf6 13. Ng3 Bxg3 14. hxg3 Qd5 15. Bxc8 Raxc8 16. Kb1 Qxg2 17. Rdg1 Qf3 18. g4 Nxg4 19. Bxh6 Nxh6 20. Rxh6 Qe4 21. Qxe4 Rxe4 22. Rd6 Rce8 23. Rd7 R4e7 24. Rxe7 Rxe7 25. Rg2 Re2 26. a4 f5 27. Ka2 Kf7 28. Kb3 Kf6 29. c4 g5 30. Kc3 f4 31. b4 Kf5 32. b5 g4 33. a5 cxb5 34. cxb5 g3 35. Kd3 Rxf2 36. Rg1 g2 37. d5 f3 38. d6 Rf1 39. d7 Rxg1 40. Kc2 Rd1 0-1

[Event "January 2 Late 2024"]
[Site "https://www.chess.com"]
[Date "2024.01.02"]
[Round "11"]
[White "Caspi, Israel"]
[Black "Salman, Ilhan Serhat"]
[Result "1-0"]
[Board "74"]
[TimeControl "180+1"]
[WhiteFideId "2807394"]
[BlackFideId "6361579"]
[WhiteElo "2602"]
[BlackElo "2444"]
[WhiteTeam "ISR"]
[BlackTeam "TUR"]
[WhiteClock "0:02:19"]
[BlackClock "0:02:16"]

1. e4 Nc6 2. Nf3 d5 3. exd5 Qxd5 4. Nc3 Qa5 5. d4 Bg4 6. h3 Bh5 7. d5 O-O-O 8. Bd2 Nd4 9. g4 Nxf3+ 10. Qxf3 Bg6 11. Bg2 Nf6 12. O-O-O Nxd5 13. Nxd5 Qxa2 14. Nxe7+ Bxe7 15. Qxb7+ Kd7 16. Bb4+ Bd6 17. Rxd6+ 1-0

[Event "January 2 Late 2024"]
[Site "https://www.chess.com"]
[Date "2024.01.02"]
[Round "11"]
[White "ArchibaldCerveza29"]
[Black "Olenik Campa, Rudi"]
[Result "1-0"]
[Board "75"]
[TimeControl "180+1"]
[BlackFideId "14633264"]
[WhiteElo "2446"]
[BlackElo "2590"]
[BlackTeam "SLO"]
[WhiteClock "0:00:08"]
[BlackClock "0:00:04"]

1. b3 e5 2. Bb2 Nc6 3. g3 d5 4. Bg2 g6 5. e3 Bg7 6. d3 Nge7 7. Ne2 h5 8. Nd2 h4 9. h3 hxg3 10. Nxg3 Be6 11. h4 Nf5 12. Nxf5 Bxf5 13. h5 Qg5 14. Bxd5 gxh5 15. Qf3 e4 16. Nxe4 Bxe4 17. Qxf7+ Kd8 18. Bxg7 Bxd5 19. Qf6+ Qxf6 20. Bxf6+ Kd7 21. e4 Rhe8 22. Rxh5 Bf7 23. Rh7 Ke6 24. Bc3 Re7 25. Kd2 Kd7 26. f4 Rg8 27. Rf1 Rg2+ 28. Kc1 Be8 29. Rh8 Bf7 30. f5 Rg8 31. Rh7 Be8 32. Rh6 Bf7 33. d4 Kc8 34. e5 Bd5 35. Bb2 b5 36. a4 a6 37. axb5 axb5 38. c4 bxc4 39. bxc4 Bg2 40. Rg1 Nb4 41. Ba3 c5 42. Bxb4 cxb4 43. e6 b3 44. Kb2 Rb7 45. d5 Rg3 46. Rh2 Ra7 47. Rhxg2 Ra2+ 48. Kb1 Rgxg2 49. Rxg2 Rxg2 50. f6 Kd8 51. d6 Rf2 52. f7 Rf1+ 53. Kb2 Rf2+ 54. Kxb3 Rf3+ 55. Kb4 Rf6 56. f8=Q+ Rxf8 57. e7+ Ke8 58. exf8=Q+ 1-0

[Event "January 2 Late 2024"]
[Site "https://www.chess.com"]
[Date "2024.01.02"]
[Round "11"]
[White "Morales Garcia, Sergio Joshafatt"]
[Black "Grycel, Kamil"]
[Result "1/2-1/2"]
[Board "76"]
[TimeControl "180+1"]
[WhiteFideId "5106249"]
[BlackFideId "1115499"]
[WhiteElo "2442"]
[BlackElo "2566"]
[WhiteTeam "MEX"]
[BlackTeam "POL"]
[WhiteClock "0:00:13"]
[BlackClock "0:00:12"]

1. d4 d6 2. Nf3 Bg4 3. e3 Nf6 4. c4 c6 5. Be2 e6 6. O-O d5 7. Nbd2 Nbd7 8. Qc2 Bf5 9. Bd3 Bxd3 10. Qxd3 Be7 11. b3 O-O 12. Bb2 a5 13. a3 Qb6 14. c5 Qc7 15. b4 axb4 16. axb4 b5 17. Ra3 Qb7 18. Rfa1 h6 19. Qb1 Rxa3 20. Rxa3 Ra8 21. Qa2 Rxa3 22. Qxa3 Nb8 23. Nb3 Nfd7 24. Ne1 Qa6 25. Qxa6 Nxa6 26. Nd3 Bd8 27. Bc3 Bc7 28. h3 f6 29. f4 Kf7 30. Kf2 g5 31. g3 Kg6 32. Kf3 f5 33. Bd2 Nf6 34. Nf2 Ne4 35. Nxe4 dxe4+ 36. Ke2 g4 37. h4 h5 38. Bc3 Kf7 39. Kd2 Ke7 40. Kc2 Kd7 41. Kb2 Bd8 42. Nc1 Nc7 43. Bd2 Nd5 44. Kb3 Bc7 45. Ne2 Bd8 46. Nc3 Nc7 47. Ne2 Kc8 48. Nc3 Kb7 49. Ne2 Ka6 50. Nc3 Be7 51. Ne2 Nd5 52. Nc3 Nf6 53. Ne2 Nh7 54. Nc3 Nf8 55. Ne2 Ng6 56. Nc3 Kb7 57. Ne2 Kc8 58. Nc3 Kd7 59. Ne2 Bf6 60. Nc3 Be7 61. Ne2 Ke8 62. Nc3 Kf7 63. Be1 Bd8 64. Ne2 Bc7 65. Kc2 Ne7 66. Kb3 Nd5 67. Bd2 Kg6 68. Nc3 Nf6 69. Ne2 Bd8 70. Be1 Ne8 71. Nc3 Nc7 72. Ne2 Nd5 73. Bd2 Kh6 74. Nc3 Nf6 75. Be1 Nh7 76. Ne2 Nf8 77. Nc3 Ng6 78. Ne2 Bf6 79. Nc3 Ne7 80. Ne2 Nd5 81. Bd2 Kg6 82. Kc2 Nc7 83. Be1 Kf7 84. Nc3 Ke8 85. Kb3 Kd7 86. Ne2 Ne8 87. Nc3 Be7 1/2-1/2

[Event "January 2 Late 2024"]
[Site "https://www.chess.com"]
[Date "2024.01.02"]
[Round "11"]
[White "Lin, Bryan Enming"]
[Black "Blanco Diez, David"]
[Result "1-0"]
[Board "77"]
[TimeControl "180+1"]
[WhiteFideId "30987121"]
[BlackFideId "32032927"]
[WhiteElo "2546"]
[BlackElo "2435"]
[WhiteTeam "USA"]
[BlackTeam "ESP"]
[WhiteClock "0:01:39"]
[BlackClock "0:00:10"]

1. e4 c5 2. Nf3 e6 3. d4 cxd4 4. Nxd4 Nf6 5. Nc3 Nc6 6. Ndb5 Bc5 7. Nd6+ Ke7 8. Bf4 e5 9. Nf5+ Kf8 10. Bg5 d6 11. Ne3 Be6 12. Bd3 h6 13. Bxf6 Qxf6 14. O-O g6 15. Ncd5 Qd8 16. c3 Kg7 17. Nc4 Bxd5 18. exd5 Ne7 19. b4 Bb6 20. Bc2 Rc8 21. Bb3 f5 22. Kh1 Bc7 23. f4 b5 24. Ne3 Bb6 25. Qd3 e4 26. Qd2 Qc7 27. Rac1 a5 28. c4 Bxe3 29. Qxe3 bxc4 30. Qd4+ Kf7 31. Rxc4 Qb7 32. Rc6 Qxb4 33. Qxb4 axb4 34. Rxd6 Rhd8 35. Rxd8 Rxd8 36. d6+ Kf6 37. dxe7 Kxe7 38. Rc1 Rd2 39. h3 g5 40. Rc5 Kf6 41. Rc6+ Kg7 42. Rc7+ Kf6 43. Rc6+ Kg7 44. fxg5 hxg5 45. Re6 Re2 46. Kg1 f4 47. Kf1 Re3 48. Kf2 Kf8 49. Re5 Kg7 50. Rxg5+ Kf6 51. Rb5 Rc3 52. Rb6+ Ke5 53. Rb5+ Kd4 54. Rd5# 1-0

[Event "January 2 Late 2024"]
[Site "https://www.chess.com"]
[Date "2024.01.02"]
[Round "11"]
[White "Lymar, Vladislav"]
[Black "Jaque Gutierrez, Matias"]
[Result "1-0"]
[Board "78"]
[TimeControl "180+1"]
[WhiteFideId "14162180"]
[BlackFideId "3426980"]
[WhiteElo "2542"]
[BlackElo "2431"]
[WhiteTeam "UKR"]
[BlackTeam "CHI"]
[WhiteClock "0:00:15"]
[BlackClock "0:00:03"]

1. f4 d5 2. Nf3 Bg4 3. Ne5 Bf5 4. d4 e6 5. e3 Nd7 6. Bd3 Bxd3 7. cxd3 Ngf6 8. O-O c5 9. dxc5 Bxc5 10. g4 Nxe5 11. fxe5 Nd7 12. d4 Be7 13. Nc3 O-O 14. Bd2 f6 15. exf6 Nxf6 16. Be1 Bd6 17. Bh4 Qb8 18. Qe2 a6 19. g5 Nd7 20. g6 hxg6 21. e4 Qa7 22. exd5 Qxd4+ 23. Bf2 Qe5 24. Qxe5 Nxe5 25. dxe6 Rae8 26. Kg2 Rxe6 27. Rad1 Bb8 28. Bg3 Rxf1 29. Kxf1 Ba7 30. Kg2 Nc4 31. Rd7 Ne3+ 32. Kf3 Rf6+ 33. Ke4 Re6+ 34. Kd3 Nf5 35. Rxb7 Bd4 36. Ne4 a5 37. b3 Re8 38. Rd7 Bb6 39. Rd5 Ne3 40. Rd6 Ba7 41. Ra6 Re7 42. Bd6 Rd7 43. Rxa7 Rxa7 44. Kxe3 a4 45. b4 a3 46. b5 Rb7 47. Nc3 Rd7 48. Bf4 Kf7 49. b6 Rc7 50. Bxc7 Ke6 51. b7 Kd7 52. b8=Q Kc6 53. Qb6+ 1-0

[Event "January 2 Late 2024"]
[Site "https://www.chess.com"]
[Date "2024.01.02"]
[Round "11"]
[White "Grinev, Valeriy"]
[Black "Urbina Perez, Juan Antonio"]
[Result "0-1"]
[Board "79"]
[TimeControl "180+1"]
[WhiteFideId "14117517"]
[BlackFideId "2217368"]
[WhiteElo "2533"]
[BlackElo "2423"]
[WhiteTeam "UKR"]
[BlackTeam "ESP"]
[WhiteClock "0:01:35"]
[BlackClock "0:00:46"]

1. e4 e5 2. Nc3 Nf6 3. Nf3 Nc6 4. Bc4 Bc5 5. d3 d6 6. h3 h6 7. Be3 O-O 8. a3 Nd4 9. Bxd4 Bxd4 10. Nxd4 exd4 11. Ne2 c5 12. O-O Be6 13. Bxe6 fxe6 14. f4 e5 15. f5 d5 16. Ng3 dxe4 17. dxe4 b5 18. a4 a6 19. axb5 axb5 20. b3 Qc7 21. Qe2 c4 22. bxc4 bxc4 23. Kh2 Qc6 24. Rxa8 Rxa8 25. Rb1 Rd8 26. Nh5 d3 27. cxd3 cxd3 28. Qa2+ Kh7 29. Nxf6+ Qxf6 30. Rd1 Qc6 31. Qa5 Qd6 32. Rd2 Qd4 33. Qc7 Rd7 34. Qc6 Rd6 35. Qe8 Qxe4 36. Rf2 Rf6 37. g4 Qe3 38. Ra2 d2 39. Ra8 Qf2+ 40. Kh1 d1=Q# 0-1

[Event "January 2 Late 2024"]
[Site "https://www.chess.com"]
[Date "2024.01.02"]
[Round "11"]
[White "Weinstein, Norman"]
[Black "Play, Gilles"]
[Result "0-1"]
[Board "80"]
[TimeControl "180+1"]
[WhiteFideId "2000466"]
[BlackFideId "45130892"]
[WhiteElo "2422"]
[BlackElo "2513"]
[WhiteTeam "USA"]
[BlackTeam "FRA"]
[WhiteClock "0:00:44"]
[BlackClock "0:00:07"]

1. e4 e6 2. d4 d5 3. Nd2 Nc6 4. Ngf3 e5 5. Bb5 exd4 6. Nxd4 Bd7 7. Nxc6 bxc6 8. Bd3 Bd6 9. O-O Qh4 10. g3 Qh3 11. Qf3 Nf6 12. Re1 O-O 13. Bf1 Qh5 14. Qxh5 Nxh5 15. e5 Rfe8 16. f4 Bc5+ 17. Kg2 f6 18. Be2 g6 19. Bxh5 gxh5 20. Nf3 Bf5 21. Be3 Bxe3 22. Rxe3 Bxc2 23. Rc1 Be4 24. exf6 d4 25. Ree1 Bd5 26. b3 d3 27. Kf2 Kf7 28. Nd2 Kxf6 29. Re3 Rxe3 30. Kxe3 Rd8 31. Rc3 Kf5 32. h3 Rg8 33. Kf2 h4 34. Rxd3 hxg3+ 35. Rxg3 Rxg3 36. Kxg3 Bf7 37. Nf3 c5 38. Ng5 Bg8 39. Nf3 Ke4 40. Nd2+ Kd3 41. Nc4 Bxc4 42. bxc4 Kxc4 43. f5 Kd5 44. Kf4 c4 45. Ke3 Ke5 46. f6 Kxf6 47. Kd4 Kg5 48. Kxc4 Kh4 49. Kc5 Kxh3 50. Kc6 Kg3 51. Kxc7 h5 52. Kb7 h4 53. Kxa7 h3 54. a4 h2 55. a5 h1=Q 56. a6 Qc6 57. Kb8 Qxa6 0-1

[Event "January 2 Late 2024"]
[Site "https://www.chess.com"]
[Date "2024.01.02"]
[Round "11"]
[White "Carrasco Miranda, Andres"]
[Black "Rangel, Daniel"]
[Result "1/2-1/2"]
[Board "81"]
[TimeControl "180+1"]
[WhiteFideId "3405990"]
[BlackFideId "2124475"]
[WhiteElo "2418"]
[BlackElo "2511"]
[WhiteTeam "CHI"]
[BlackTeam "BRA"]
[WhiteClock "0:00:37"]
[BlackClock "0:00:43"]

1. Nf3 Nf6 2. c4 g6 3. g3 Bg7 4. Bg2 O-O 5. O-O d6 6. Nc3 e5 7. d4 exd4 8. Nxd4 Nbd7 9. h3 Nc5 10. e4 Re8 11. Re1 c6 12. Bf4 Nh5 13. Be3 Nf6 14. Qc2 a5 15. Rad1 Qb6 16. b3 a4 17. Rb1 axb3 18. axb3 Qc7 19. b4 Ne6 20. Red1 Nxd4 21. Bxd4 Be6 22. c5 d5 23. exd5 Nxd5 24. Bxg7 Kxg7 25. Nxd5 Bxd5 26. Bxd5 cxd5 27. Rxd5 Qc6 28. Rbd1 Re6 29. Qb2+ Kh6 30. b5 Qe8 31. Kg2 Re2 32. Qd4 Raa2 33. Qf4+ Kg7 34. R1d2 Raxd2 35. Rxd2 Rxd2 36. Qxd2 Qxb5 37. Qd4+ Kf8 38. Qd6+ Ke8 39. Qb8+ Kd7 40. Qd6+ Ke8 41. Qe5+ Kd7 42. Qd6+ Ke8 1/2-1/2

[Event "January 2 Late 2024"]
[Site "https://www.chess.com"]
[Date "2024.01.02"]
[Round "11"]
[White "Tao, Sihan"]
[Black "Gerbelli Neto, Eduardo"]
[Result "1-0"]
[Board "82"]
[TimeControl "180+1"]
[WhiteFideId "30982677"]
[BlackFideId "2103281"]
[WhiteElo "2511"]
[BlackElo "2378"]
[WhiteTeam "USA"]
[BlackTeam "BRA"]
[WhiteClock "0:00:17"]
[BlackClock "0:00:00"]

1. e4 e5 2. Nf3 Nc6 3. Bb5 a6 4. Ba4 d6 5. O-O Bg4 6. h3 h5 7. c3 Qf6 8. d3 Ne7 9. Nbd2 g5 10. Re1 Ng6 11. hxg4 hxg4 12. Nh2 Rxh2 13. Kxh2 Qxf2 14. Qxg4 Qxe1 15. Nf3 Qf2 16. Nxg5 Be7 17. Bb3 Nd8 18. Qf3 Qh4+ 19. Nh3 Ne6 20. Bxe6 fxe6 21. Be3 Kd7 22. Rf1 Rf8 23. Qe2 Nf4 24. Qf2 Qh6 25. Qg3 Bh4 26. Qg4 Rh8 27. Bxf4 exf4 28. Qxf4 Bg5 29. Qf7+ Kc6 30. d4 b6 31. d5+ exd5 32. Qxd5+ Kd7 33. Rf7+ Be7 34. Qf5+ Qe6 35. Kg3 Rg8+ 36. Kf3 Qxf5+ 37. exf5 Ke8 38. Rh7 c5 39. Nf4 b5 40. Nd5 Bg5 41. Ra7 Bd8 42. Rxa6 Kd7 43. Ra8 Kc6 44. Ne7+ 1-0

[Event "January 2 Late 2024"]
[Site "https://www.chess.com"]
[Date "2024.01.02"]
[Round "11"]
[White "Wendt, Jan-Dietrich"]
[Black "Suvorov, Luca"]
[Result "0-1"]
[Board "83"]
[TimeControl "180+1"]
[WhiteFideId "4623797"]
[BlackFideId "12977071"]
[WhiteElo "2366"]
[BlackElo "2496"]
[WhiteTeam "GER"]
[BlackTeam "GER"]
[WhiteClock "0:00:00"]
[BlackClock "0:00:16"]

1. Nf3 b6 2. e4 Bb7 3. Nc3 e6 4. d4 Bb4 5. Bd3 Nf6 6. Qe2 d5 7. exd5 Nxd5 8. Bd2 Nxc3 9. bxc3 Be7 10. O-O Nd7 11. Rae1 Nf6 12. Ne5 O-O 13. f4 g6 14. Qf2 Qd5 15. c4 Qd6 16. c3 c5 17. Be3 Rad8 18. Bc2 Ne4 19. Qf3 f5 20. Rd1 Qc7 21. d5 Bf6 22. Bxe4 Bxe5 23. fxe5 fxe4 24. Qxe4 Rxf1+ 25. Kxf1 exd5 26. cxd5 Bxd5 27. Rxd5 Qf7+ 28. Ke2 Qxd5 29. Qf4 Qd1+ 30. Kf2 Rf8 0-1

[Event "January 2 Late 2024"]
[Site "https://www.chess.com"]
[Date "2024.01.02"]
[Round "11"]
[White "Mazi, Leon"]
[Black "Skaric, Djuro"]
[Result "1-0"]
[Board "84"]
[TimeControl "180+1"]
[WhiteFideId "14600315"]
[BlackFideId "934569"]
[WhiteElo "2496"]
[BlackElo "2315"]
[WhiteTeam "SLO"]
[BlackTeam "SRB"]
[WhiteClock "0:00:38"]
[BlackClock "0:00:06"]

1. e4 d6 2. d4 g6 3. Nc3 Bg7 4. Be3 Nf6 5. f3 O-O 6. Qd2 Nc6 7. Nge2 e5 8. d5 Ne7 9. h4 h5 10. O-O-O a6 11. g4 b5 12. Ng3 Kh7 13. gxh5 Nxh5 14. Nxh5 gxh5 15. f4 exf4 16. Bxf4 Ng6 17. Bg5 Qe8 18. Bd3 Qe5 19. Rdf1 b4 20. Nd1 Bg4 21. Rf5 Qg3 22. Ne3 Ne5 23. Nxg4 Qxg4 24. Rhf1 f6 25. Be3 Rae8 26. Bf4 Nf3 27. Qf2 Ne5 28. Be2 Qh3 29. Bxh5 b3 30. axb3 Rb8 31. Kb1 Rb4 32. Qe2 Rxe4 33. Qxe4 Qxf1+ 34. Bc1 Qxf5 35. Qxf5+ Kh8 36. Be2 Kg8 37. h5 Kf7 38. h6 Bh8 39. Bh5+ Ke7 40. Qe6+ Kd8 41. h7 a5 42. Qg8 Ke7 43. Bh6 1-0

[Event "January 2 Late 2024"]
[Site "https://www.chess.com"]
[Date "2024.01.02"]
[Round "11"]
[White "Bryant, Todd"]
[Black "Shapiro, Viktor"]
[Result "0-1"]
[Board "85"]
[TimeControl "180+1"]
[WhiteFideId "2031299"]
[BlackFideId "4175700"]
[WhiteElo "2304"]
[BlackElo "2494"]
[WhiteTeam "USA"]
[BlackTeam "RUS"]
[WhiteClock "0:00:35"]
[BlackClock "0:01:18"]

1. e4 Nf6 2. e5 Nd5 3. d4 d6 4. c4 Nb6 5. f4 dxe5 6. fxe5 c5 7. d5 g6 8. Nf3 Bg4 9. h3 Bxf3 10. Qxf3 Bg7 11. Qe4 O-O 12. Nc3 e6 13. Bf4 exd5 14. cxd5 N8d7 15. e6 Nf6 16. e7 Nxe4 17. exd8=Q Bxc3+ 18. bxc3 Raxd8 19. c4 Rfe8 20. O-O-O Nf2 21. Bd3 Nxh1 22. Rxh1 Nxc4 23. Bxc4 Re4 24. Bb5 Rxf4 25. Rd1 a6 26. Be2 Rd6 27. Bf3 Kf8 28. Re1 b5 29. Re3 Rd4 30. Ra3 h5 31. Rc3 c4 32. Kb2 Ke7 33. Re3+ Kd7 34. Re5 b4 35. Re1 a5 36. Rc1 Rd2+ 37. Kb1 c3 38. Rc2 Rxc2 39. Kxc2 Kc7 40. Kb3 Kb6 41. a3 Kc5 42. axb4+ axb4 43. Be4 Rxd5 44. Bxd5 Kxd5 45. Kc2 Kc4 46. Kc1 b3 47. Kb1 Kd3 48. Kc1 b2+ 49. Kb1 Kd2 50. g4 hxg4 51. hxg4 c2+ 52. Kxb2 c1=Q+ 53. Kb3 Qc3+ 54. Ka4 Qd4+ 55. Ka5 Qxg4 56. Ka6 Qb4 57. Ka7 f5 58. Ka8 f4 59. Ka7 f3 60. Ka8 g5 61. Ka7 g4 62. Ka8 g3 63. Ka7 g2 64. Ka8 f2 65. Ka7 f1=Q 66. Ka8 Qc1 67. Ka7 g1=Q+ 68. Ka8 Qg8+ 69. Ka7 Qca3# 0-1

[Event "January 2 Late 2024"]
[Site "https://www.chess.com"]
[Date "2024.01.02"]
[Round "11"]
[White "Slavin, Alexey"]
[Black "Dobre, Claudiu-Cristian"]
[Result "0-1"]
[Board "86"]
[TimeControl "180+1"]
[WhiteFideId "24104388"]
[BlackFideId "1211854"]
[WhiteElo "2291"]
[BlackElo "2491"]
[WhiteTeam "RUS"]
[BlackTeam "ROU"]
[WhiteClock "0:00:32"]
[BlackClock "0:00:06"]

1. e4 Nc6 2. Nc3 e5 3. Bb5 Nd4 4. Bc4 c6 5. Nf3 Nxf3+ 6. Qxf3 Nf6 7. d3 b5 8. Bb3 Bc5 9. h3 O-O 10. Bg5 d6 11. O-O a5 12. a4 b4 13. Ne2 Be6 14. Ng3 h6 15. Bxf6 Qxf6 16. Qxf6 gxf6 17. Nh5 Bxb3 18. cxb3 Bd4 19. Nxf6+ Kg7 20. Nh5+ Kg6 21. Ng3 Bxb2 22. Ra2 Bd4 23. Nf5 Bc5 24. Rc2 Ra7 25. Kh2 f6 26. f4 Kh7 27. fxe5 fxe5 28. Rf3 Rf6 29. Rg3 Raf7 30. Rf3 Rg6 31. Rc4 h5 32. Nh4 Rxf3 33. Nxf3 Rf6 34. Nxe5 Bf2 35. Nf3 c5 36. e5 dxe5 37. Nxe5 Be3 38. Nf3 Rd6 39. Ne1 Bf2 40. Nf3 Rxd3 41. Rf4 h4 42. Ng5+ Kg6 43. Rxf2 Kxg5 44. Rc2 Rc3 45. Rb2 Kf4 46. Rb1 Ke4 47. Kg1 Kd3 48. Kf2 Kc2 49. Re1 Kxb3 50. g4 hxg3+ 51. Kg2 Kxa4 52. h4 Rd3 53. h5 c4 54. Rh1 Rd7 55. Kxg3 c3 56. Kg4 b3 57. Kf5 b2 58. Ke6 Rh7 59. Kf6 Rxh5 60. Kg6 Rxh1 0-1

[Event "January 2 Late 2024"]
[Site "https://www.chess.com"]
[Date "2024.01.02"]
[Round "11"]
[White "Bochnicka, Vladimir"]
[Black "Tagliati, Eleonore"]
[Result "0-1"]
[Board "87"]
[TimeControl "180+1"]
[WhiteFideId "14943450"]
[BlackFideId "45172234"]
[WhiteElo "2482"]
[BlackElo "2240"]
[WhiteTeam "SVK"]
[BlackTeam "FRA"]
[WhiteClock "0:00:04"]
[BlackClock "0:00:19"]

1. e4 c5 2. Nf3 Nc6 3. d4 cxd4 4. Nxd4 e5 5. Nb5 d6 6. c4 g6 7. Nd2 Be6 8. Be2 Rc8 9. O-O Nf6 10. b3 a6 11. Nc3 Nd4 12. Bb2 Bg7 13. Nd5 Bxd5 14. cxd5 Nxe2+ 15. Qxe2 Rc2 16. Rab1 Qa5 17. Nc4 Rxe2 18. Nxa5 Nxe4 19. Nxb7 O-O 20. Rfe1 Rxe1+ 21. Rxe1 Rb8 22. Rxe4 Rxb7 23. Rc4 Bf6 24. Rc6 Be7 25. Rxa6 Rb5 26. g3 Rxd5 27. a4 Rd1+ 28. Kg2 Rb1 29. Ba3 Rxb3 30. Bxd6 Bxd6 31. Rxd6 Ra3 32. Ra6 Kg7 33. Kh3 Ra2 34. Kg2 e4 35. Kf1 f5 36. h4 Ra1+ 37. Ke2 Ra2+ 38. Ke3 Ra3+ 39. Kd4 Rf3 40. Ke5 Rxf2 41. Ra7+ Kh6 42. a5 e3 43. Kf6 Ra2 44. Re7 e2 45. Re5 Rxa5 46. Rxe2 Ra3 47. Rg2 Kh5 48. Kg7 Ra7+ 49. Kf6 Kg4 50. Ke5 Ra3 51. h5 Rxg3 52. Rf2 Re3+ 53. Kd4 Re4+ 54. Kd5 Kxh5 55. Rh2+ Kg4 56. Rxh7 g5 57. Rf7 Re1 58. Ra7 f4 59. Ra2 Kg3 60. Kd4 f3 61. Rh2 Kxh2 0-1

[Event "January 2 Late 2024"]
[Site "https://www.chess.com"]
[Date "2024.01.02"]
[Round "11"]
[White "Reprintsev, Alexander"]
[Black "Ghosh, Chanchal Kumer"]
[Result "0-1"]
[Board "88"]
[TimeControl "180+1"]
[WhiteFideId "14100541"]
[BlackFideId "10201858"]
[WhiteElo "2481"]
[BlackElo "2162"]
[WhiteTeam "UKR"]
[BlackTeam "BAN"]
[WhiteClock "0:00:00"]
[BlackClock "0:00:14"]

1. e4 c5 2. b3 d5 3. exd5 Qxd5 4. Nc3 Qd6 5. Bb2 a6 6. Qf3 Nc6 7. O-O-O Nf6 8. h3 Nd4 9. Qg3 Qe6 10. Bc4 Qf5 11. Bd3 Qh5 12. Nf3 Bf5 13. Bxf5 Qxf5 14. Nxd4 cxd4 15. Na4 Rc8 16. d3 e5 17. Rhe1 Bd6 18. Nb6 Rc6 19. Nc4 O-O 20. Nxd6 Rxd6 21. Qxe5 Qd7 22. g4 Rc8 23. Kb1 h6 24. f3 Qc6 25. Rc1 Re6 26. Qg3 Rxe1 27. Qxe1 Qxf3 28. Bxd4 Nd5 29. Qe4 Qxe4 30. dxe4 Nf4 31. Rh1 Rd8 32. Be3 Ng2 33. Bc1 Re8 34. Rg1 Nh4 35. Re1 f6 36. a4 Kf7 37. Kb2 Nf3 38. Re3 Ng5 39. h4 Nxe4 40. c4 g6 41. b4 f5 42. gxf5 gxf5 43. Rd3 Re7 44. Bxh6 Nf2 45. Rf3 Re2+ 46. Kb3 Kg6 47. Bg5 Ne4 48. Bd8 Nd2+ 49. Kc3 Nxf3 50. c5 Re8 51. Bc7 Nxh4 52. b5 axb5 53. axb5 Rc8 54. Bd6 Nf3 55. Kc4 Ng5 56. Kd5 Nf7 57. Be7 Rc7 58. Bh4 Rd7+ 59. Ke6 Rd4 60. Be7 Re4+ 61. Kd7 Rd4+ 62. Kc7 Re4 63. Bh4 Re5 64. Bf2 Re2 65. Bg1 Rg2 66. Be3 Re2 67. Bg1 Re7+ 68. Kb8 f4 69. c6 bxc6 70. bxc6 f3 71. c7 Nd6 72. Bc5 Rxc7 73. Kxc7 Ne4 74. Be3 Kf5 75. Kc6 Ke5 76. Kb5 Ng3 77. Kc4 Ke4 78. Bf2 Nh1 79. Bh4 Ke3 80. Kc3 Ke2 81. Kd4 Nf2 82. Bg3 Nd3 83. Bh4 Nf2 84. Bg3 Ng4 85. Bh4 Ne3 86. Bg3 Nf5+ 0-1

[Event "January 2 Late 2024"]
[Site "https://www.chess.com"]
[Date "2024.01.02"]
[Round "11"]
[White "Gabdushev, Ruslan"]
[Black "Vlassov, Nikolai"]
[Result "0-1"]
[Board "89"]
[TimeControl "180+1"]
[WhiteFideId "4137833"]
[BlackFideId "4103360"]
[WhiteElo "2430"]
[BlackElo "2611"]
[WhiteTeam "RUS"]
[BlackTeam "FID"]
[WhiteClock "0:00:58"]
[BlackClock "0:00:54"]

1. c4 e5 2. b3 Nf6 3. Bb2 Nc6 4. e3 d5 5. cxd5 Nxd5 6. a3 Be7 7. Qc2 O-O 8. Nf3 f6 9. d3 Be6 10. Be2 Qd7 11. Nbd2 Rfd8 12. O-O Bf8 13. Kh1 Qf7 14. Rg1 a5 15. g4 h6 16. Nh4 Nce7 17. Rg3 Rac8 18. Rag1 c5 19. Bf3 Rd7 20. Be4 b5 21. Nf5 Nb6 22. a4 c4 23. axb5 cxd3 24. Qb1 Rc2 25. Rd1 Bxb3 26. Bxe5 Ba2 27. Qa1 fxe5 28. Qxe5 Rxd2 29. Rxd2 Nc4 30. Qc3 Nxd2 31. Qxd2 Nxf5 32. gxf5 Bb4 33. Qb2 d2 0-1